 Dungeon Crawl Stone Soup version 0.29.1 (webtiles) character file.

Game seed: 12739187956488674579

107 mtoz the Covered (level 4, -4/39 (41) HPs)
             Began as a Minotaur Fighter on Sept 13, 2022.
             Slain by Crazy Yiuf
             ... wielding a +4 quarterstaff of chaos
              (6 damage)
             ... on level 2 of the Dungeon.
             The game lasted 00:04:20 (2303 turns).

mtoz the Covered (Minotaur Fighter)                 Turns: 2303, Time: 00:04:21

HP:   -4/39 (41)    AC:  8    Str: 22    XL:     4   Next: 56%
MP:   3/3           EV:  9    Int:  5    God:
Gold: 101           SH:  4    Dex: 10    Spells: 3/3 levels left

rFire   . . .      SeeInvis .   a - +0 war axe
rCold   . . .      Faith    .   c - +0 buckler
rNeg    . . .      Spirit   .   b - +0 scale mail
rPois   .          Reflect  .   (helmet restricted)
rElec   .          Harm     .   (no cloak)
rCorr   .          Rampage  .   (no gloves)
Will    .....                   f - +0 pair of boots
Stlth   ..........              (no amulet)
HPRegen 0.13/turn               (no ring)
MPRegen 0.08/turn               (no ring)

@: lightly drained
A: horns 2, retaliatory headbutt
a: no special abilities


You were on level 2 of the Dungeon.
You visited 1 branch of the dungeon, and saw 2 of its levels.

You collected 101 gold pieces.

Inventory:

Hand Weapons
 a - a +0 war axe (weapon)
 h - a +0 spear
 i - a +0 spear
 m - a +0 mace
 p - a +0 flail
 r - a +0 hand axe
Armour
 b - a +0 scale mail (worn)
 c - a +0 buckler (worn)
 f - a +0 pair of boots (worn)
Scrolls
 e - a scroll of vulnerability {unknown}
 j - a scroll of fear {unknown}
 k - 2 scrolls of summoning {unknown}
 o - 2 scrolls of identify {unknown}
 s - a scroll of teleportation {unknown}
Potions
 d - a potion of might
 g - a potion of magic
 l - a potion of degeneration {unknown}
 n - a potion of curing {unknown}
 q - a potion of haste {unknown}


   Skills:
 + Level 4.4 Fighting
 + Level 3.6 Axes
 + Level 4.5 Armour
 + Level 4.4 Shields


You had 3 spell levels left.
You didn't know any spells.
Your spell library was empty.

Dungeon Overview and Level Annotations

Branches:
Dungeon (2/15)

Altars:

Annotations:
D:2 Crazy Yiuf


Innate Abilities, Weirdness & Mutations

You have a pair of horns on your head.
You reflexively headbutt those who attack you in melee.


Message History

No target in view!
You see here a +0 club.
s - a scroll labelled MODGHUTSOW No target in view!
Things that are here:
a +0 club; 5 stones; a kobold corpse You open the door.
There is an open door here.
You open the door.
There is an open door here.
You open the door.
There is an open door here.
Found a mace.
You see here a +0 mace.
There is an open door here.
Crazy Yiuf shouts!
You open the door.
Crazy Yiuf zaps a wand.
The puff of flame hits you!
Crazy Yiuf hits you with a +4 quarterstaff of chaos!
You feel drained.
There is an open translucent door, spattered with blood here.
You are too injured to fight recklessly!
You barely miss Crazy Yiuf.
Crazy Yiuf hits you with a +4 quarterstaff of chaos.
Crazy Yiuf burns you.
* * * LOW HITPOINT WARNING * * *
You closely miss Crazy Yiuf. Your headbutt misses Crazy Yiuf.
Crazy Yiuf hits you but does no damage.
Sorry, you're not good enough to have a special ability.
You completely miss Crazy Yiuf.
Crazy Yiuf zaps a wand.
The puff of flame hits you.
* * * LOW HITPOINT WARNING * * *
Crazy Yiuf hits you but does no damage.
You feel drained.
You closely miss Crazy Yiuf. Your headbutt misses Crazy Yiuf.
Crazy Yiuf whimpers, "Shadow alas sallow!"
Crazy Yiuf hits you with a +4 quarterstaff of chaos.
* * * LOW HITPOINT WARNING * * *
You feel your power leaking away.
It was a potion of magic.
Magic courses through your body.
Crazy Yiuf hits you with a +4 quarterstaff of chaos.
You die...

.# #.###..#.# .#
#.#..>...# .#
#.#......# .#
########## .###
...### #######
##...###.P.#.###
####
###........#..##...#
##...)P.####.@g..#
##.#..## ###..)#
###### ####


You could see Crazy Yiuf.

Vanquished Creatures
  An orc priest (D:2)
  An orc wizard (D:2)
  An adder (D:2)
  An orc (D:2)
  3 ball pythons (D:1)
  4 bats
  6 endoplasms
  2 giant cockroaches (D:2)
  3 goblins
  A hobgoblin (D:1)
  2 jackals (D:1)
  5 quokkas
  2 frilled lizards (D:1)
  5 kobolds
  3 rats
40 creatures vanquished.

Notes
Turn   | Place    | Note
-------+----------+-------------------------------------------
     0 | D:1      | mtoz the Minotaur Fighter began the quest for the Orb.
     0 | D:1      | Reached XP level 1. HP: 19/19 MP: 0/0
   461 | D:1      | Reached XP level 2. HP: 27/27 MP: 1/1
  1300 | D:2      | Reached XP level 3. HP: 33/33 MP: 2/2
  1607 | D:2      | Reached XP level 4. HP: 40/41 MP: 3/3
  1877 | D:2      | Found a runed translucent door.
  1878 | D:2      | Noticed Crazy Yiuf
  2302 | D:2      | HP: 1/39 [Crazy Yiuf/+4 quarterstaff of chaos (4)]
  2303 | D:2      | Slain by Crazy Yiuf

Illustrated notes

Levels and vault maps discovered:
D:1:      ebering_hopf_link, layout_basic, supply_closet_lemuel
D:2:      layout_basic, serial_park_tiny_1, minmay_worlds_worst_comb,
          uniq_crazy_yiuf_cottage

Skill      XL: |  1  2 |
---------------+-------+-----
Shields        | 4 |  4.4
Fighting       | 4 |  4.4
Armour         | 4 |  4.5
Axes           | 3 |  3.6

Action                   |  1- 3 |  4- 6 || total
-------------------------+-------+-------++-------
Melee: War axe           |    75 |    17 ||    92
       Headbutt          |    10 |     2 ||    12
  Use: Potion            |       |     1 ||     1
Armor: Scale mail        |    38 |     7 ||    45
Dodge: Dodged            |    34 |     6 ||    40
Block: Buckler           |    17 |     2 ||    19
